 Dungeon Crawl Stone Soup version 0.31-a0-1476-g8a4046af8c (webtiles) character file.

Game seed: 6153059494847987540

1 NoAnimeNoLife the Charlatan (level 1, -4/15 HPs)
             Began as a Demonspawn Artificer on Dec 29, 2023.
             Frozen to death by an endoplasm (5 damage)
             ... on level 1 of the Dungeon.
             The game lasted 00:00:14 (77 turns).

NoAnimeNoLife the Charlatan (Demonspawn Artificer)    Turns: 77, Time: 00:00:15

Health: -4/15      AC:  3    Str: 12    XL:     1   Next: 16%
Magic:  1/1        EV: 11    Int: 11    God:
Gold:   13         SH:  0    Dex: 13    Spells: 0/0 levels left

rFire   . . .        a - +0 club
rCold   . . .        (no shield)
rNeg    . . .        b - +0 leather armour
rPois   .            (no helmet)
rElec   .            (no cloak)
rCorr   .            (no gloves)
SInv    .            (no boots)
Will    .....        (no amulet)
Stlth   +            (no ring)
HPRegen 0.22/turn    (no ring)
MPRegen 0.07/turn

%: no passive effects
@: no status effects
A: no striking features
a: no special abilities


You were on level 1 of the Dungeon.
You visited 1 branch of the dungeon, and saw 1 of its levels.

You collected 13 gold pieces.

Inventory:

Hand Weapons
 a - a +0 club (weapon)
Armour
 b - a +0 leather armour (worn)
Wands
 c - a wand of flame (15) (quivered)
 d - a wand of charming (14)
 e - a wand of iceblast (5) {@v2}
Scrolls
 f - a scroll of poison {unknown}


   Skills:
 - Level 1.0 Fighting
 + Level 0.3 Maces & Flails
 - Level 1.7 Armour
 - Level 0.8 Dodging
 - Level 0.8 Stealth
 - Level 3.0 Evocations


You couldn't memorise any spells.
You didn't know any spells.
Your spell library was empty.

Dungeon Overview and Level Annotations

Branches:
Dungeon (1/15)

Altars:


Message History

The hobgoblin is almost dead.
The hobgoblin hits you but does no damage.
You hit the hobgoblin.
You kill the hobgoblin!
HP restored.
Found an escape hatch in the floor.
No reachable target in view!
No reachable target in view!
An endoplasm comes into view.
A quokka comes into view.
An endoplasm comes into view.
The endoplasm quivers.
There are monsters nearby!
Okay, then.
You hit the quokka.
The quokka is lightly wounded.
The quokka bites you.
You closely miss the quokka. You punch the quokka, but do no damage.
The quokka is lightly wounded.
The endoplasm quivers.
The quokka closely misses you. x2
You hit the quokka.
The quokka is almost dead.
The quokka bites you. The endoplasm freezes you.
You are frozen.
You are too injured to fight recklessly!
You are too injured to fight recklessly!
You are too injured to fight recklessly!
You are too injured to fight recklessly!
Aiming: Charm
Press: ? - help, Shift-Dir - straight line, f - endoplasm
Aim: an endoplasm (chance to affect: 73%)
The endoplasm struggles to resist.
The quokka bites you.
* * * LOW HITPOINT WARNING * * *
The quokka bites you.
* * * LOW HITPOINT WARNING * * *
The endoplasm freezes you.
You are frozen.
You die...

########################
.....................#..
.........#...#....#....#
#....8...##...###....#.
#...J.....#...#.......
#..Jr@..........#...#.
#...####....##.##..#...
... ###.........##..# 8
#>#.....##......#
B##....#..#...#..
#+#...#...##..#...
..#...#..#...#.
.........##.##.
.#.##..#..#..


You could see 2 endoplasms and a quokka.

Vanquished Creatures
  A hobgoblin (D:1)
1 creature vanquished.

Notes
Turn   | Place    | Note
-------+----------+-------------------------------------------
     0 | D:1      | NoAnimeNoLife the Demonspawn Artificer began the quest for
                  | the Orb.
     0 | D:1      | Reached XP level 1. HP: 15/15 MP: 1/1
    77 | D:1      | Frozen to death by an endoplasm

Illustrated notes

Levels and vault maps discovered:
D:1:      erik_arrival_cave_to_civilisation [erik_arrival_cave_to_hall],
          layout_basic, nicolae_kite_square_tiling_tiny,
          chequers_serial_rivers_small_a

Action                     || total
---------------------------++-------
  Melee: Club              ||    10
         Punch             ||     1
  Evoke: Wand              ||     1
 Armour: Leather armour    ||     9
  Dodge: Dodged            ||     5

Table legend: (Time is in decaauts)
 A = Elapsed time spent in this place.
 B = Non-inter-level travel time spent in this place.
 C = Inter-level travel time spent in this place.
 D = Time resting spent in this place.
 E = Time spent auto-exploring this place.
 F = Levels seen in this place.
 G = Mean time per level.
                   A        B        C        D        E       F      G
               +--------+--------+--------+--------+--------+-----+--------+
         Total |     80 |     80 |      0 |      0 |     57 |   1 |   80.0 |
       Dungeon |     80 |     80 |      0 |      0 |     57 |   1 |   80.0 |
               +--------+--------+--------+--------+--------+-----+--------+

Top non-repeatable levels by time:
     D:1: 80 daAuts
